AoeStats
← CTMlLOMBANA

Nomad

510321547Analyzed
4v4 RM · 2d ago on Sep 30, 2026· 61m 49s· 8 players
Game mode
Random Map
Map size
231×231
Population
200
Speed
Normal
Resources
Standard
Victory
Conquest
Starting age
Dark Age
Ending age
Imperial Age
RankedLock teamsTeams togetherTeam positionsShared explorationLock speedFull tech treeHidden civsTurbo modeCheats
Victory
Defeat
🇨🇴 Danes · Colombia
1428
+14
🇨🇳 Saxons · China
1423
+14
🇬🇧 Saxons · United Kingdom
1382
+16
1379
+16
🇨🇳 Khmer · China
1394
-16
🇲🇴 Vietnamese · Macao SAR China
1387
-15
🇨🇳 Maya · China
1378
-15
🇨🇳 Berbers · China
1359
-14
HOU
8:42 Loom
14:48 Feudal Age
19:16 Castle Age
17:23 Stone Mining
19:53 Fletching
25:12 Bodkin Arrow
25:29 Town Watch
27:31 Horse Collar
29:10 Heavy Plow
32:27 Scale Barding Armor
43:23 Double-Bit Axe
43:30 Gold Mining
44:10 Bow Saw
48:58 Husbandry
49:10 Bloodlines
49:50 Wheelbarrow
50:39 Chain Barding Armor
50:30 Forging
52:51 Iron Casting
54:13 Stone Shaft Mining
58:23 Imperial Age
黑石塔
4:12 Loom
13:40 Feudal Age
20:00 Castle Age
18:38 Fletching
20:18 Double-Bit Axe
27:46 Fishing Lines
28:49 Bow Saw
33:29 Wheelbarrow
33:55 Horse Collar
35:05 Heavy Plow
37:34 Medium Warships
37:27 Demolition Ship
38:27 Medium Warships
38:16 Crossbowman
39:01 Thumb Ring
38:31 Demolition Ship
43:19 Imperial Age
42:08 Bodkin Arrow
42:13 Padded Archer Armor
42:36 Ballistics
43:34 Arbalester
46:13 Chemistry
45:16 Bracer
45:32 Leather Archer Armor
46:28 Murder Holes
46:45 Masonry
48:13 Capped Ram
49:52 Leather Archer Armor
49:38 Scale Mail Armor
49:48 Forging
50:07 Conscription
49:13 Siege Ram
51:01 Two-Man Saw
50:54 Eagle Warrior
51:34 Squires
51:20 Arson
52:07 Chain Mail Armor
53:48 Ring Archer Armor
53:48 Plate Mail Armor
53:53 Iron Casting
55:43 Holcans
55:39 Elite Eagle Warrior
58:05 Blast Furnace
58:53 Pikeman
60:10 Hand Cart
59:25 Elite Skirmisher
60:11 Hul'che Javelineers
勇敢牛牛
6:04 Loom
13:00 Feudal Age
13:40 Double-Bit Axe
20:56 Castle Age
20:41 Wheelbarrow
22:47 Fletching
25:52 Bow Saw
25:47 Horse Collar
26:23 Bodkin Arrow
27:23 Wheelbarrow
26:35 Town Watch
32:55 Hand Cart
34:55 Ballistics
38:42 Bloodlines
38:32 Husbandry
43:12 Town Watch
43:51 Padded Archer Armor
46:30 Imperial Age
45:47 Leather Archer Armor
47:26 Bracer
51:23 Kasbah
51:29 Light Cavalry
53:17 Conscription
55:24 Chemistry
54:07 Treadmill Crane
56:43 Ring Archer Armor
56:50 Hussar
57:42 Scale Barding Armor
59:05 Chain Barding Armor
FF熊熊
5:06 Loom
14:04 Feudal Age
14:31 Fishing Lines
14:53 Double-Bit Axe
15:47 Fletching
19:51 Castle Age
20:32 Padded Archer Armor
20:29 Bodkin Arrow
22:53 Wheelbarrow
22:32 Medium Warships
22:12 Gillnets
23:32 Town Watch
25:18 Bow Saw
25:50 Horse Collar
28:26 Heavy Plow
30:27 Gold Mining
36:11 Imperial Age
34:05 Ballistics
34:17 Padded Archer Armor
35:19 Hand Cart
36:14 Gold Shaft Mining
35:31 Stone Mining
36:17 Husbandry
36:28 Bloodlines
37:19 Conscription
37:21 Elite Ballista Elephant
39:40 Chemistry
39:00 Town Patrol
40:16 Parthian Tactics
42:45 Double Crossbow
43:55 Hoardings
43:21 Tusk Swords
43:26 Bracer
47:52 Light Cavalry
48:43 Hussar
52:30 Scale Barding Armor
53:47 Forging
54:03 Chain Barding Armor
55:05 Elite Skirmisher
57:58 Heavy Scorpion
62:24 Siege Engineers
Oliver
5:07 Loom
12:20 Feudal Age
13:55 Fletching
16:14 Padded Archer Armor
26:16 Castle Age
29:54 Horse Collar
31:37 Medium Warships
31:59 Crossbowman
33:02 Town Watch
34:58 Bodkin Arrow
35:28 Ballistics
35:36 Fishing Lines
37:21 Wheelbarrow
38:17 Thumb Ring
38:09 Gold Mining
40:48 Leather Archer Armor
44:18 Imperial Age
41:44 Elite Skirmisher
44:20 Arbalester
45:40 Bracer
45:20 Capped Ram
46:24 Conscription
49:31 Chemistry
49:32 Ring Archer Armor
51:10 Siege Ram
59:56 Double-Bit Axe
61:35 Bow Saw
Combi | NITRAMDELANIEVE
7:31 Loom
13:05 Feudal Age
15:53 Fletching
26:22 Double-Bit Axe
29:08 Castle Age
38:23 Wheelbarrow
43:09 Horse Collar
46:25 Bow Saw
46:17 Heavy Plow
49:04 Imperial Age
46:52 Hand Cart
47:51 Stone Mining
48:18 Padded Archer Armor
49:16 Stone Shaft Mining
48:35 Gold Mining
49:08 Thumb Ring
49:26 Bodkin Arrow
49:12 Elite Genitour
49:22 Capped Ram
50:33 Leather Archer Armor
50:30 Husbandry
50:40 Bloodlines
50:48 Bracer
52:59 Ring Archer Armor
53:20 Cavalier
54:34 Forging
54:30 Scale Barding Armor
56:37 Gold Shaft Mining
56:41 Ballistics
57:22 Chemistry
56:58 Chain Barding Armor
57:15 Iron Casting
59:06 Blast Furnace
60:23 Plate Barding Armor
60:53 Conscription
TOYOTA
8:57 Loom
11:12 Loom
13:27 Feudal Age
15:38 Double-Bit Axe
16:13 Fishing Lines
18:59 Castle Age
21:26 Bow Saw
22:15 Gillnets
22:45 Medium Warships
23:46 Forging
23:36 Horse Collar
24:49 Wheelbarrow
24:49 Heavy Plow
26:37 Hand Cart
30:04 Imperial Age
28:14 Scale Mail Armor
28:49 Iron Casting
29:49 Squires
29:35 Arson
30:06 Chain Mail Armor
31:35 Plate Mail Armor
31:20 Capped Ram
31:51 Elite Varangian Guard
32:44 Town Watch
32:58 Fletching
37:17 Conscription
37:09 Bodkin Arrow
38:04 Ballistics
38:30 Onager
40:14 Chemistry
40:46 Siege Ram
42:51 Bracer
42:13 Shield Wall
45:51 Two-Man Saw
45:22 Crop Rotation
44:44 Gold Mining
44:44 Stone Mining
46:50 Pikeman
47:59 Halberdier
49:18 Siege Engineers
49:23 Masonry
49:10 Murder Holes
48:56 Treadmill Crane
55:14 Architecture
55:27 Hoardings
57:01 Coinage
57:14 Guard Tower
CTMlLOMBANA
5:03 Loom
13:19 Feudal Age
17:24 Castle Age
15:49 Scale Mail Armor
16:27 Forging
16:34 Fishing Lines
18:35 Fletching
19:47 Chain Mail Armor
22:42 Arson
24:54 Squires
24:52 Horse Collar
30:10 Wheelbarrow
30:26 Double-Bit Axe
30:54 Hamask
36:06 Hand Cart
47:02 Imperial Age
46:08 Gillnets
49:01 Bow Saw
51:42 Iron Casting
51:37 Plate Mail Armor
51:04 Bodkin Arrow
50:35 Elite Varangian Guard
51:02 Gambesons
50:37 Pikeman
51:38 Halberdier
57:01 Gold Mining
57:59 Conscription
59:34 Blast Furnace
Connection lost

Rejoining the realm…

Still unreachable

The connection could not be restored.

Session expired

The server has moved on; the page needs a fresh start.